Cogmind - Beta 10.2 *** ADVENTURER MODE // 2021.04.17 @ 15:59:42 Player: COLTRANE Result: Smashed by cave-in Performance ------------- Evolutions (0) 0 Regions Visited (0) 0 Robots Destroyed (5) 25 Value Destroyed (22) 22 Prototype IDs (0) 0 Alien Tech Used (0) 0 Bonus (0) 0 TOTAL SCORE: 47 Bonus ------- None Cogmind --------- Core Integrity 0/250 Matter 72/300 Energy 125/125 System Corruption 18% Temperature Cool (0) Movement Core (150) Ox2 Location -11/Scrapyard Parts ------- > --- POWER (1) -------- Light Ion Engine > --- PROPULSION (2) --- (None) > --- UTILITY (2) ------ (None) > --- WEAPON (2) ------- Assault Rifle Assault Rifle > --- INVENTORY (4) ---- (None) Peak State ------------ > --- POWER ------------ Light Ion Engine > --- PROPULSION ------- Aluminum Leg Aluminum Leg > --- UTILITY ---------- Improved Terrain Scanner Seismic Analyzer > --- WEAPON ----------- Medium Laser Mining Laser > --- INVENTORY -------- Light Ion Engine Assault Rifle Assault Rifle [Rating: 8] Favorites ----------- Power Light Ion Engine Engine Light Ion Engine Propulsion Aluminum Leg Leg Aluminum Leg Utility Improved Terrain Scanner Device Improved Terrain Scanner Storage Small Storage Unit Processor Seismic Analyzer Weapon Medium Laser Energy Gun Medium Laser Ballistic Gun Assault Rifle Special Weapon Mining Laser Build | -11 ------- Run | Scr Slots Evolved . | . Power . | . Propulsion . | . Utility . | . Weapon . | . Parts Attached 11 | 11 Power 2 | 2 Engine 2 | 2 Core . | . Reactor . | . Propulsion 2 | 2 Treads . | . Leg 2 | 2 Wheel . | . Hover . | . Flight . | . Utility 3 | 3 Device 1 | 1 Storage 1 | 1 Processor 1 | 1 Hackware . | . Protection . | . Artifact . | . Weapon 4 | 4 Energy Gun 1 | 1 Energy Cannon . | . Ballistic Gun 2 | 2 Ballistic Cannon . | . Launcher . | . Special Weapon 1 | 1 Impact Weapon . | . Slashing Weapon . | . Piercing Weapon . | . Special Melee Weapon . | . Unidentified Prototypes . | . Parts Lost 6 | 6 Power 1 | 1 Propulsion 1 | 1 Utility 2 | 2 Weapon 2 | 2 Highest Loss Streak 3 | 3 Average Slot Usage (%) . | . Naked Turns . | . Heaviest Build 9 | 9 Greatest Support 20 | 20 Greatest Overweight (x) 2 | 2 Average Overweight (x) . | . Largest Inventory Capacity 6 | 6 Average Capacity 4 | 4 Most Carried 4 | 4 Average Carried 2 | 2 Final Capacity 4 | 4 Final Carried . | . Class Distribution -------------------- None Dominant Class ---------------- None Resources | -11 ----------- Run | Scr Matter Collected 282 | 282 Remotely . | . Salvage Created 75 | 75 Parts 8 | 8 Haulers Intercepted . | . Recyclers Shooed 1 | 1 Parts Field Recycled . | . Retrieved Matter . | . Parts Self-Destructed . | . Prevented . | . Kills | -11 ------- Run | Scr Combat Hostiles Destroyed . | . Classes Destroyed 3 | 3 Worker 2 | 2 Tunneler 2 | 2 Recycler 1 | 1 Best Kill Streak 2 | 2 Combat Bots Only . | . Max Kills in Single Turn 1 | 1 Gunslinging . | . Exploded . | . Melee . | . Uniques/NPCs Destroyed . | . Combat | -11 -------- Run | Scr Damage Taken 710 | 710 Core 271 | 271 Absorbed by Shields . | . Core Remaining (%) . | . Volleys Fired 230 | 230 Largest 2 | 2 Hottest 100 | 100 Shots Fired 243 | 243 Gun 38 | 38 Cannon . | . Launcher . | . Special 205 | 205 Kinetic 26 | 26 Thermal 217 | 217 Explosive . | . Electromagnetic . | . Robot Hit Streak 9 | 9 Robot Miss Streak 1 | 1 Penetration Max . | . Secondary Targets . | . Shots Hit Robots 15 | 15 Core Hits 6 | 6 Critical Hits . | . Critical Kills . | . Critical Parts Destroyed . | . Melee Attacks . | . Impact . | . Slashing . | . Piercing . | . Sneak Attacks . | . Combat Hostiles . | . Follow-up Attacks . | . Damage Inflicted 280 | 280 Guns 136 | 136 Cannons . | . Explosions . | . Melee . | . Ramming . | . Kinetic . | . Thermal 280 | 280 Explosive . | . Electromagnetic . | . Impact . | . Slashing . | . Piercing . | . Highest Corruption 18 | 18 Average Corruption 4 | 4 Corruption Purged . | . Effects 34 | 34 Message Errors 6 | 6 Matter Fused 13 | 13 Heat Flow Errors 3 | 3 Energy Discharges 2 | 2 Data Loss (minor) 1 | 1 Targeting Errors 9 | 9 Overload Shots . | . Overflow Damage . | . Projectiles . | . Explosions . | . Melee . | . Knockbacks . | . Impact . | . Kinetic . | . Secondary . | . Self-Inflicted Damage . | . Shots . | . Rammed . | . Targets Rammed . | . Kicked . | . Crushed . | . Highest Temperature 569 | 569 Average Temperature 66 | 66 Received Heat Transfer . | . Effects 7 | 7 Shutdowns 1 | 1 Interference 3 | 3 Matter Decay 1 | 1 Short Circuit 1 | 1 Damage (minor) 1 | 1 Siege Activations . | . Robots Corrupted . | . Combat Hostiles . | . Parts Fried . | . Impact Corruptions . | . Robots Melted . | . Combat Hostiles . | . Parts Melted 1 | 1 Heat Transferred 707 | 707 Parts Sabotaged . | . Parts Stolen . | . Parts Stripped . | . Power Chain Reactions . | . Missiles Intercepted . | . Alert | -11 ------- Run | Scr Peak Influence 15 | 15 Initial . | . Average 2 | 2 Maximum Alert Level . | . Low Security (%) 100 | 100 Level 1 . | . Level 2 . | . Level 3 . | . Level 4 . | . Level 5 . | . High Security . | . Max Security . | . Squads Dispatched . | . Investigation . | . Extermination . | . Reinforcement . | . Assault . | . Garrison . | . Intercept . | . Construction Impeded . | . Haulers Reinforced . | . Stealth | -11 --------- Run | Scr Distress Signals . | . Communications Jammed . | . Distress Signals . | . Times Spotted . | . Peak Tracking Total . | . Tactical Retreats . | . Traps | -11 ------- Run | Scr Traps Triggered . | . Indirectly . | . Trap Hack Attempts . | . Triggered . | . Disarmed . | . Reprogrammed . | . Reused . | . Traps Extracted . | . Installed . | . Triggered . | . Machines | -11 ---------- Run | Scr Machines Disabled . | . Max in Single Turn . | . Machines Sabotaged . | . Garrisons Compromised . | . Overloaded Fab Kills . | . Fab Network Shutdowns . | . Hacking | -11 --------- Run | Scr Machines Accessed . | . Terminals . | . Fabricators . | . Repair Stations . | . Recycling Units . | . Scanalyzers . | . Garrison Access . | . Total Hacks . | . Successful . | . Failed . | . Catastrophic . | . Database Lockouts . | . Manual . | . Terminals . | . Fabricators . | . Repair Stations . | . Recycling Units . | . Scanalyzers . | . Garrison Access . | . Terminal Hacks . | . Fabricator Hacks . | . Repair Station Hacks . | . Recycling Unit Hacks . | . Scanalyzer . | . Garrison Access Hacks . | . Unauthorized Hacks . | . Terminals . | . Fabricators . | . Repair Stations . | . Recycling Units . | . Scanalyzers . | . Garrison Access . | . Data Cores Recovered . | . Used . | . Hacking Detections . | . Full Trace Events . | . Feedback Events . | . Feedback Blocked . | . Robot Schematics Acquired . | . Robots Built . | . Matter . | . Time . | . Total Robot Build Rating . | . Part Schematics Acquired . | . Parts Built . | . Matter . | . Time . | . Total Part Build Rating . | . Parts Repaired . | . Time . | . Parts Recycled . | . Recycled Matter . | . Retrieved Matter . | . Retrieved Components . | . Parts Scanalyzed . | . Part Schematics Acquired . | . Parts Damaged . | . Bothacking | -11 ------------ Run | Scr Used RIF Installer . | . Robots Hacked . | . Non-combat . | . Combat . | . Robot Hacks Applied . | . Relay Couplers Released . | . Robots Rewired . | . Allies Hacked . | . Hacks Repelled . | . Allies | -11 -------- Run | Scr Total Allies . | . Largest Group . | . Highest-Rated Group . | . Highest-Rated Ally . | . Total Orders . | . Ally Attacks . | . Total Damage . | . Kills . | . Allies Corrupted . | . Allies Melted . | . Intel | -11 ------- Run | Scr Robot Analysis Total . | . Derelict Logs Recovered . | . Drone Launches . | . Drone Recoveries . | . Exploration | -11 ------------- Run | Scr Turns Passed 2021 | 2021 Spaces Moved 606 | 606 Core 50 | 50 Treads . | . Legs 556 | 556 Wheels . | . Hover . | . Flight . | . Fastest Speed 50 | 50 Average Speed 117 | 117 Slowest Speed 150 | 150 Overloaded Moves . | . Propulsion Burnouts . | . Robots Hopped . | . Cave-ins Triggered 7 | 7 Exploration Rate (%) 46 | 46 Regions Visited . Branch Regions . Pre-discovered Areas . | . Known Exits Taken . | . Unknown Exits Taken . | . Scrap Searched . | . Spaces Dug 53 | 53 Terrain Destroyed 112 | 112 Melee . | . Projectile 112 | 112 AOE . | . Terrain Rammed . | . Walls Destroyed . | . Machines Disabled . | . Actions | -11 --------- Run | Scr Total 1268 | 1268 Wait 408 | 408 Move 605 | 605 Hop . | . Pick Up 11 | 11 Fast Attach . | . Attach 11 | 11 Detach . | . Swap . | . Drop 2 | 2 Fire 230 | 230 Melee . | . Ram . | . Kick . | . Crush . | . Escape Stasis 1 | 1 Rewire . | . Trap . | . Miscellaneous . | . Route ------- -11/Scrapyard (discovered 1 exit: [*Mat]) History --------- Turn | Location | Event 37 | -11/Scrapyard | Discovered new exit (range 15) 590 | -11/Scrapyard | Crushed by falling debris 1846 | -11/Scrapyard | Crushed by falling debris 1846 | -11/Scrapyard | Core integrity fell below 50% 1885 | -11/Scrapyard | Crushed by falling debris 1979 | -11/Scrapyard | Crushed by falling debris 1980 | -11/Scrapyard | System corruption reached 10% 1992 | -11/Scrapyard | Crushed by falling debris 1992 | -11/Scrapyard | Core integrity fell below 20% 2010 | -11/Scrapyard | Lost 3 parts (1p1u1w) 2011 | -11/Scrapyard | Crushed by falling debris 2023 | -11/Scrapyard | Crushed by falling debris 2023 | -11/Scrapyard | Smashed by cave-in Last Messages --------------- 01952_ The unstable cave ceiling collapses. 01975_ System corrupted: Mining Laser targeting data glitched. 01979_ The unstable cave ceiling collapses. 01979_ Crushed by falling debris. 01979_ Lgt. Ion Engine destroyed. 01979_ System corrupted by crushing effect (+2). 01979_ Imp. Terrain Scanner destroyed. 01979_ System corrupted by crushing effect (+4). 01979_ Mining Laser destroyed. 01979_ System corrupted by crushing effect (+4). 01986_ System corrupted: Assault Rifle targeting data glitched. 01992_ The unstable cave ceiling collapses. 01992_ Crushed by falling debris. 01998_ System corrupted: Assault Rifle targeting data glitched. 02002_ System corrupted: Matter fused (-8). 02004_ System corrupted: Assault Rifle targeting data glitched. 02011_ The unstable cave ceiling collapses. 02011_ Crushed by falling debris. 02023_ The unstable cave ceiling collapses. 02023_ Crushed by falling debris. Map ----- +----------------------------------------------------+ | | | | | | | | | | | | | | | | | | | | | | | | | | | | | | | | | | | | | | | | | | | | | | | | | | | ?#?????#?#?#??????#?#?###@##?????????????????????? | | ?##?###?????#?????#???######?????#???????????????? | | ?#?????#??#?#?#???#???#?####?????????????????????? | | ??#?#######??###???##???# #?????????????????????? | | ?#?###?######?####??###?#####??????????#?????????? | | ##?????#??#?#?#??#????#### #?#??#?????#??????????? | | #?#?#?#######????#??????# #???????#?????????????? | | #??##?## ##?#####???#?#######???????#??#?????????? | | #?###??# ######????????### #???????????#????????? | | ### #### ## ###????????## #????????????????????? | | # # #### ####?#?#### #????#?????#?????????? | | # # ## ##### ##########??????#?#???????????? | | # ########= # #???????#????????????? | | # #??##??# #### ###########?#?#????????????????? | | ###????# #?####?#??#????#????????????????????? | | # ####???###?##???????##???????????????????????? | | # ##???#?#??#?#??????###?#?????????????????????? | | # ###?#???#?#????????????#????#????#??????????? | | # # #####????#???##???????#??????????????????????? | | ### ####??#?##???#?????#?????#??#????????????????? | | ??# #?##??#???#????????##????????????????????????? | | ??# ##??#?##????###?#????????????????????????????? | | ### #??#?#???##????#??????????#??#???#???????????? | | ### ##?#?##??#?##?#?????????#????????????????????? | | #?# #??####????##?#??????????????????????????????? | +----------------------------------------------------+ Best States ------------- Heat Dissipation 25 Energy Generation 10 Energy Capacity 125 Matter Stores 300 Matter Capacity 300 Sight Range 16 Terrain Scan Range 16 Terrain Scan Density 60 Resistance: KI 20 Resistance: TH 20 Resistance: EX 20 Resistance: EM 20 Resistance: I 20 Resistance: S 20 Resistance: P 20 Evasion (%) 50 Offensive Hacking 10 Item Schematics ----------------- None Robot Schematics ------------------ None Fabricated ------------ Nothing Alien Tech Used ----------------- None Achievements -------------- None Challenges ------------ None Game ------ Seed GhostLightningEngine Manual? 0 Play Time 00:21:14 Cumulative 14.2 hours Start 2021.04.17 @ 15:47:46 End 2021.04.17 @ 15:59:42 Sessions 0 Manual Loads 0 Difficulty Adventurer Special Mode None Game No. 43 Rogue 7 Adventurer 10 Explorer 26 Win Type - Total 0 Types 0/0/0/0/0/0/0/0/0 Lore% 13 Gallery% 24 Achievement% 18 Wizard Run 0 Options --------- ASCII 0 Keyboard 0 Movement Numpad Keybinds 0 Fullscreen 1 Font 18/SmallcapsGlow Map View 76x50 Tactical HUD 1 Map Filters NONE Filters NONE Steam 1 RUN: 398f1d50-1b0f-4733-99ee-61ab5164b4ed